 Dungeon Crawl Stone Soup version 0.31-a0-167-g1c394c0614 (webtiles) character file.

Game seed: 17179264125795225107

66 qw the Shooter (level 4, -1/39 HPs)
             Began as a Naga Hunter on June 14, 2023.
             Slain by a gnoll
             ... wielding a +0 halberd
              (2 damage)
             ... on level 2 of the Dungeon.
             The game lasted 00:00:27 (1141 turns).

qw the Shooter (Naga Hunter)                        Turns: 1141, Time: 00:00:28

Health: -1/39      AC:  2    Str: 13    XL:     4   Next: 15%
Magic:  4/4        EV:  9    Int:  9    God:
Gold:   33         SH:  0    Dex: 17    Spells: 3/3 levels left

rFire   . . .        Y - +0 shortbow
rCold   . . .        (shield currently unavailable)
rNeg    . . .        c - +0 leather armour
rPois   +            (no helmet)
rElec   .            (no cloak)
rCorr   .            (no gloves)
SInv    +            (no barding)
Will    .....        (no amulet)
Stlth   ++           (no ring)
HPRegen 0.26/turn    (no ring)
MPRegen 0.09/turn

%: no passive effects
@: short of breath, very slow
A: AC +1, large, see invisible, deformed body, poison resistance, slowness 2,
spit poison 1, naga tail 1
a: Spit Poison


You were on level 2 of the Dungeon.
You visited 1 branch of the dungeon, and saw 2 of its levels.

You collected 33 gold pieces.


Innate Abilities, Weirdness & Mutations

Your serpentine skin is tough. (AC +1)
You have supernaturally acute eyesight. (SInv)
Armour fits poorly on your strangely shaped body.
Your system is resistant to poisons. (rPois)
You cover ground very slowly.
You can spit poison.
You have a snake-like lower body.


   Skills:
 + Level 2.0 Fighting
 - Level 5.1 Ranged Weapons
 - Level 1.5 Dodging
 - Level 1.5 Stealth


You had 3 spell levels left.
You didn't know any spells.
Your spell library was empty.

Inventory:

Hand Weapons
 Y - a +0 shortbow (weapon)
Armour
 c - a +0 leather armour (worn)
Jewellery
 b - a +6 ring of intelligence
Scrolls
 a - a scroll of immolation {unknown}
 g - a scroll of teleportation {unknown}
Potions
 d - a potion of heal wounds {unknown}
 e - a potion of mutation {unknown}
 f - a potion of curing

Dungeon Overview and Level Annotations

Branches:
Dungeon (2/15)

Altars:


Message History

You hear a shout!
The gnoll hits you with a +0 club!
You hear a shout!
You shoot an arrow. The arrow barely misses the gnoll.
You have got your breath back.
You hear a shout!
A hobgoblin comes into view. It is wielding a +0 war axe.
The gnoll hits you with a +0 club.
1136 ||| INVOKING Spit Poison.
Aiming: Spit Poison (2% risk of failure)
Press: ? - help, Shift-Dir - straight line, f/p - gnoll The splash of poison hits the gnoll.
The gnoll is poisoned.
The gnoll is heavily wounded.
The gnoll hits you from afar with a +0 halberd!
The gnoll hits you with a +0 club!
You shoot an arrow. The arrow hits the gnoll.
The gnoll is almost dead.
You kill the gnoll!
The gnoll barely misses you.
Your Ranged Weapons skill increases to level 5!
You have reached level 4!
You feel agile.
You shoot an arrow. The arrow hits the gnoll.
The gnoll is lightly wounded.
You have got your breath back.
The gnoll barely misses you.
A gnoll comes into view. It is wielding a +0 spear.
The gnoll moves out of view.
1139 ||| INVOKING Spit Poison.
Aiming: Spit Poison (1% risk of failure)
Press: ? - help, Shift-Dir - straight line, f - hobgoblin, p - gnoll The splash of poison hits the hobgoblin!
You kill the hobgoblin!
You shoot an arrow. The arrow barely misses the gnoll.
The arrow hits the gnoll.
The gnoll is moderately wounded.
You shoot an arrow. The arrow closely misses the gnoll.
The arrow hits the gnoll but does no damage.
The gnoll is moderately wounded.
The gnoll hits you with a +0 club.
The gnoll hits you from afar with a +0 halberd.
You die...

#####.#..#......
#.......)#.## /#####
#.#........)# g$....
#...........# g.....
###............
...g###%.............
#.g#.#####.........
#g.##w[/##......#.
#@.#Swb..#.####...
##.#rS...###l.##.#
#.#g...=##gS).#.
#.##...+#gS...#.
##.#####S##).
##....#+ ...##? ##.+B


You could see 2 worms, 3 gnolls, an adder, a quokka, a giant cockroach, a
goblin, a bat and a ball python.

Vanquished Creatures
  A gnoll (D:2)
  An adder (D:2)
  4 bats
  4 endoplasms
  4 giant cockroaches (D:1)
  5 goblins
  7 hobgoblins
  4 quokkas
  3 ball pythons (D:1)
  A frilled lizard (D:1)
  3 kobolds
  4 rats
41 creatures vanquished.

Notes
Turn   | Place    | Note
-------+----------+-------------------------------------------
     0 | D:1      | qw the Naga Hunter began the quest for the Orb.
     0 | D:1      | Reached XP level 1. HP: 19/19 MP: 1/1
     0 | D:1      | 0 ||| qw: Version: 0.2-a-29-g1fa15c8
     0 | D:1      | 0 ||| qw: Game counter: 5054
     0 | D:1      | 0 ||| qw: Always use a shield: true
     0 | D:1      | 0 ||| qw: God list: Okawaru
     0 | D:1      | 0 ||| qw: Allow faded altars: false
     0 | D:1      | 0 ||| qw: Do Orc after D:15 true
     0 | D:1      | 0 ||| qw: Do second Lair branch before Depths: true
     0 | D:1      | 0 ||| qw: Lair rune preference: random
     0 | D:1      | 0 ||| qw: Plans: Normal
     0 | D:1      | 0 ||| PLANNING D:1-11
     5 | D:1      | 5 ||| INVOKING Spit Poison.
    27 | D:1      | 27 ||| INVOKING Spit Poison.
    42 | D:1      | 42 ||| INVOKING Spit Poison.
    75 | D:1      | 75 ||| INVOKING Spit Poison.
    85 | D:1      | 85 ||| INVOKING Spit Poison.
    90 | D:1      | 90 ||| INVOKING Spit Poison.
    92 | D:1      | Reached skill level 4 in Ranged Weapons
    92 | D:1      | Reached XP level 2. HP: 18/26 MP: 2/2
   152 | D:1      | 152 ||| INVOKING Spit Poison.
   191 | D:1      | 191 ||| INVOKING Spit Poison.
   214 | D:1      | 214 ||| INVOKING Spit Poison.
   273 | D:1      | 273 ||| INVOKING Spit Poison.
   279 | D:1      | 279 ||| INVOKING Spit Poison.
   344 | D:1      | 344 ||| INVOKING Spit Poison.
   349 | D:1      | 349 ||| INVOKING Spit Poison.
   352 | D:1      | 352 ||| INVOKING Spit Poison.
   355 | D:1      | 355 ||| INVOKING Spit Poison.
   477 | D:1      | 477 ||| INVOKING Spit Poison.
   480 | D:1      | Reached XP level 3. HP: 28/32 MP: 3/3
   558 | D:1      | 558 ||| INVOKING Spit Poison.
   663 | D:1      | 663 ||| INVOKING Spit Poison.
   680 | D:1      | 680 ||| INVOKING Spit Poison.
   684 | D:1      | 684 ||| INVOKING Spit Poison.
   795 | D:1      | 795 ||| INVOKING Spit Poison.
   799 | D:1      | 799 ||| READING scroll labelled UHISIH CEMME.
   800 | D:1      | 800 ||| READING scroll labelled QUIPLA FUCENIXUXA.
   801 | D:1      | 801 ||| DRINKING 2 yellow potions.
   802 | D:1      | 802 ||| DROPPING scroll of butterflies.
   842 | D:2      | 842 ||| INVOKING Spit Poison.
   848 | D:2      | 848 ||| INVOKING Spit Poison.
   852 | D:2      | 852 ||| INVOKING Spit Poison.
   874 | D:2      | 874 ||| INVOKING Spit Poison.
   892 | D:2      | 892 ||| INVOKING Spit Poison.
   941 | D:2      | 941 ||| INVOKING Spit Poison.
   948 | D:2      | 948 ||| INVOKING Spit Poison.
   954 | D:2      | HP: 8/32 [poisoned by an adder]
  1061 | D:2      | 1061 ||| INVOKING Spit Poison.
  1097 | D:2      | 1097 ||| INVOKING Spit Poison.
  1101 | D:2      | 1101 ||| INVOKING Spit Poison.
  1119 | D:2      | 1119 ||| INVOKING Spit Poison.
  1129 | D:2      | 1129 ||| INVOKING Spit Poison.
  1130 | D:2      | 1130 ||| Stepping ~*~*~tactically~*~*~ (outnumbered).
  1136 | D:2      | 1136 ||| INVOKING Spit Poison.
  1136 | D:2      | HP: 2/32 [gnoll/+0 club (8)]
  1138 | D:2      | Reached skill level 5 in Ranged Weapons
  1138 | D:2      | Reached XP level 4. HP: 3/39 MP: 4/4
  1139 | D:2      | 1139 ||| INVOKING Spit Poison.
  1141 | D:2      | HP: 1/39 [gnoll/+0 club (3)]
  1141 | D:2      | Slain by a gnoll

Levels and vault maps discovered:
D:1:      roderic_dead_forest, layout_basic
D:2:      layout_loops_cross, grunt_ministairs_14, minmay_misc_feat_cross,
          minmay_joined_circles, uniq_terence

Skill      XL: |  1  2  3 |
---------------+----------+-----
Ranged Weapons | 4 5 |  5.1
Fighting       | |  2.0
Dodging        | |  1.5
Stealth        | |  1.5

Action                     |  1- 3 |  4- 6 || total
---------------------------+-------+-------++-------
   Fire: Shortbow          |    78 |     3 ||    81
Ability: Spit Poison       |    34 |     1 ||    35
    Use: Scroll            |     2 |       ||     2
         Potion            |     1 |       ||     1
 Armour: Leather armour    |     8 |       ||     8
  Dodge: Dodged            |    21 |     1 ||    22

Table legend:
 A = Non-vault XP
 B = Vault XP
 C = Vault XP percentage of total XP
 D = Non-vault monster count
 E = Vault monster count
 F = Vault count percentage of total count
                 A         B        C        D         E       F
            +---------+---------+-------+---------+---------+-------
      Total |      80 |      15 |  15.8 |      39 |       2 |   4.9
            +---------+---------+-------+---------+---------+-------
        D:1 |      48 |       0 |   0.0 |      27 |       0 |   0.0
        D:2 |      32 |      15 |  31.9 |      12 |       2 |  14.3
            +---------+---------+-------+---------+---------+-------
